Map: Romanticide LE

Players

soul

  • Race: Terran Terran
  • League: Grandmaster

HellraiseR - Winner!

  • Race: Protoss Protoss
  • League: Grandmaster

Event: DreamHack SC2 Masters 2021 Summer

VOD

Have the link to the VOD?

Description

Time

  • Played on: May 30, 2021, 2:14 p.m.
  • Length: 6:26

All games in this series

Show
View Real Time Build Order
Export as new Build Order

soul Terran 

Build Orders: Cyclone Opening 

Get SALT Encoding   

  12  0:01  SCV  
  13  0:13  SCV  
  14  0:17  Supply Depot  
  14  0:26  SCV  
  15  0:39  SCV  
  15  0:40  Barracks  
  16  0:45  Refinery  
  16  0:51  SCV  
  17  1:03  SCV  
  18  1:15  SCV  
  19  1:27  Orbital Command, Marine  
  20  1:41  Command Center  
  20  1:51  Factory  
  21  2:01  Marine  
  21  2:04  Supply Depot  
  21  2:05  SCV  
  22  2:17  SCV  
  22  2:22  Barracks  
  23  2:25  Marine  
  24  2:32  SCV, Bunker  
  25  2:37  Factory Tech Lab  
  25  2:44  Marine  
  25  2:45  SCV  
  25  2:47  Refinery  
  27  2:55  Cyclone  
  30  3:00  SCV  
  31  3:08  Marine  
  31  3:10  Marine  
  31  3:11  Mag-Field Accelerator  
  33  3:13  SCV  
  33  3:16  SCV  
  35  3:21  Supply Depot  
  35  3:26  Marine  
  36  3:32  Marine  
  38  3:38  Cyclone  
  40  3:45  Marine  
  41  3:49  Orbital Command  
  41  3:52  Marine  
  42  4:00  Supply Depot  
  41  4:04  SCV  
  41  4:21  Cyclone, Marine  
  45  4:24  Marine  
  45  4:30  Supply Depot  
  46  4:39  Marine  
  46  4:41  SCV  
  46  4:42  SCV, Marine  
  46  4:57  Marine  
  46  4:59  Marine  
  42  5:00  Cyclone  
  42  5:05  SCV  
  43  5:15  Marine  
  43  5:17  Marine  
  43  5:32  Cyclone, Marine  
  43  5:35  Marine  
  35  5:50  Marine  
  35  5:53  Marine  
Show
View Real Time Build Order
Export as new Build Order

HellraiseR Protoss - Winner!

Build Orders: Proxy Void Ray 

Get SALT Encoding   

  12  0:00  Probe  
  13  0:12  Probe  
  14  0:18  Pylon  
  14  0:24  Probe (Chrono Boost)  
  15  0:36  Gateway  
  15  0:38  Probe (Chrono Boost)  
  16  0:43  Probe (Chrono Boost)  
  16  0:45  Assimilator  
  17  0:52  Probe  
  17  0:54  Assimilator  
  18  1:04  Probe  
  19  1:16  Probe  
  20  1:22  Cybernetics Core  
  20  1:28  Probe  
  20  1:30  Pylon  
  21  1:40  Probe  
  22  1:54  Probe  
  22  1:58  Stalker (Chrono Boost)  
  22  1:59  Stargate  
  23  2:05  Warp Gate  
  23  2:06  Probe  
  26  2:17  Pylon  
  29  2:32  Pylon  
  29  2:33  Void Ray (Chrono Boost)  
  28  2:39  Pylon  
  30  2:58  Shield Battery  
  30  3:00  Void Ray (Chrono Boost), Pylon  
  30  3:06  Gateway  
  34  3:18  Gateway  
  34  3:23  Shield Battery  
  34  3:35  Void Ray  
  34  3:38  Shield Battery  
  38  4:01  Adept x2  
  42  4:10  Void Ray (Chrono Boost)  
  42  4:18  Adept  
  48  4:25  Shield Battery  
  48  4:27  Adept  
  48  4:30  Adept  
  52  4:43  Probe  
  53  4:52  Void Ray (Chrono Boost)  
  49  5:00  Adept x2  
  49  5:06  Adept  
  53  5:21  Adept  
  53  5:25  Pylon  
  55  5:30  Adept  
  53  5:48  Adept x2  
  55  5:50  Probe  
  52  6:01  Adept  
  54  6:08  Probe  
  51  6:18  Adept x2  
Tags
 
Add a new tag
Caveats
  • Supply blocks, unpowered buildings, or Contaminate may cause inaccurate times.
  • Supply counts are checked every 10 seconds.